 Dungeon Sprint DCSS version 0.31-a0-640-g39d97e502b (webtiles) character file.

Game seed: 15732891459513138594

10775 jt the Skinwalker (level 11, -20/117 HPs)
             Began as a Merfolk Shapeshifter on Aug 27, 2023.
             Was an Initiate of Gozag.
             Killed from afar by a frost giant (35 damage)
             ... with a bolt of cold
             ... in the Dungeon (Sprint II: "The Violet Keep of Menkaure").
             The game lasted 00:12:24 (1443 turns).

jt the Skinwalker (Merfolk Shapeshifter)            Turns: 1443, Time: 00:12:25

Health: -20/117    AC: 42    Str: 18    XL:     11   Next: 67%
Magic:  11/11      EV: 17    Int: 10    God:    Gozag
Gold:   3489       SH:  0    Dex: 14    Spells: 10/10 levels left

rFire   + .          .
                       - Unarmed
rCold   + . .        (no shield)
rNeg    + . .        B - melded +2 ring mail {rPois}
rPois   ∞            w - +2 helmet
rElec   +            t - +0 cloak
rCorr   +            o - melded +0 pair of gloves
SInv    .            g - melded +0 pair of boots
Will    .....        (no amulet)
Stlth   ++           (no ring)
HPRegen 0.39/turn    (no ring)
MPRegen 0.12/turn

%: no teleportation
@: confused, statue-form, resistant, very slow
A: slow and powerful, torment resistance 1, boosted hp, (nimble swimmer 2),
mertail, (iridescent scales 1), deformed body, screaming 1, subdued magic 1,
inability to drink after injury 1
a: Begin Untransformation, Renounce Religion, Potion Petition, Call Merchant,
Bribe Branch


You were in the Dungeon.
You worshipped Gozag.
Gozag was most pleased with you.
You were a living statue of rough stone.
You visited 1 branch You collected 5387 gold pieces.
You spent 1898 gold pieces at shops.

Inventory:

Hand Weapons
 x - a +0 war axe
 C - a +4 lajatang of electrocution
Missiles
 m - 4 javelins
Armour
 a - a +0 animal skin
 g - a +0 pair of boots (melded)
 o - a +0 pair of gloves (melded)
 q - a +1 robe of fire resistance
 t - a +0 cloak (worn)
 w - a +2 helmet (worn)
 B - a +2 ring mail of poison resistance (melded)
Jewellery
 r - an amulet of faith
Talismans
 b - a granite talisman (active)
 c - a beast talisman
 d - a flux talisman
Scrolls
 f - a scroll of fear
 i - 2 scrolls of poison
 j - a scroll of blinking
 k - 2 scrolls of identify
 p - 3 scrolls of vulnerability
 v - a scroll of silence {unknown}
 y - a scroll of enchant weapon {unknown}
 A - a scroll of summoning
Potions
 e - 3 potions of enlightenment
 h - 5 potions of magic
 l - a potion of heal wounds
 s - a potion of attraction
 u - a potion of mutation


   Skills:
 - Level 9.8 Fighting
 - Level 3.0 Armour
 - Level 11.8 Dodging
 - Level 10.5 Stealth
 - Level 10.4 Unarmed Combat
 + Level 25.5 Shapeshifting


You had 10 spell levels left.
You didn't know any spells.
Your spell library contained the following spells:

 Spells                   Type           Power      Damage    Failure   Level
 Poisonous Vapours        Pois/Air       0%         N/A       45%         2
 Wereblood                Tmut           0%         N/A       45%         2
 Mephitic Cloud           Conj/Pois/Air  0%         N/A       71%         3
 Freezing Cloud           Conj/Ice/Air   0%         6-21      100%        5
 Summon Forest            Summ/Tloc      0%         N/A       100%        5
 Eringya's Noxious Bog    Tmut/Pois      0%         4d6       100%        6
 Summon Hydra             Summ           0%         N/A       100%        7
 Sublimation of Blood     Necr           Unusable   N/A       N/A         2

Dungeon Overview and Level Annotations

Branches:
Dungeon (1/1)

Altars:
Cheibriados
Dithmenos
Elyvilon
Fedhas
Gozag
Hepliaklqana
Kikubaaqudgha
Makhleb
Nemelex Xobeh
Okawaru
Qazlal
Ru
Sif Muna
Trog
Uskayaw
Vehumet
Wu Jian
Xom
Yredelemnul
Zin
The Shining One
Jiyva
Lugonu

Shops:
D ![[[::!=*!==([!?(:[(=:?=*!(:

Annotations:
D exclusions: ice statue and oklob plant, Roxanne


Innate Abilities, Weirdness & Mutations

You are a living statue of rough stone.
Your actions are slow, but your melee attacks are powerful.
You are resistant to unholy torment.
Your maximum health is greatly increased.
Your equipment is partially melded.
You are immune to poison.
((You are very nimble when in or above water. (Stealth+, EV+, Speed+++)))
Your lower body shifts to a powerful aquatic tail in water.
((You are partially covered in iridescent scales. (AC +2)))
Armour fits poorly on your strangely shaped body.
You occasionally shout uncontrollably at your foes.
Your spells are a little easier to cast, but a little less powerful.
You occasionally lose the ability to drink potions when taking damage.


Message History

The cacodemon hits you but does no damage.
Okay, then.
You punch the cacodemon! Your punch misses the cacodemon.
The cacodemon is lightly wounded.
The cacodemon gestures at you. The bolt of energy hits you!
You pound the cacodemon into fine dust!!!
The cacodemon is heavily wounded.
The cacodemon gestures at you.
You are confused.
The deep elf high priest is distracted by your dazzling golden aura.
Okay, then.
Okay, then.
You bump into the stone wall.
The deep elf high priest is no longer distracted by gold.
The deep elf high priest mumbles some strange prayers to its god.
The deep elf high priest begins emitting a brilliant aura!
The frost giant is empowered by the deep elf high priest's aura!
The frost giant gestures at you while chanting.
The bolt of cold misses you.
The golden dragon is distracted by your dazzling golden aura.
The cacodemon gestures at you.
Strange energies course through your body.
You feel clumsy.
The bone dragon bites you but does no damage.
The bone dragon claws you! The bone dragon tramples you.
You hold your ground!
The frost giant gestures at you while chanting.
The bolt of cold hits you! You resist.
* * * LOW HITPOINT WARNING * * *
The cacodemon hits you!
* * * LOW HITPOINT WARNING * * *
The cacodemon hits you but does no damage.
The bone dragon bites you but does no damage.
The bone dragon closely misses you. The bone dragon misses you.
You barely miss the cacodemon.
The cacodemon is heavily wounded.
The frost giant casts a spell at you. The bolt of cold hits you!! You resist.
You die...
Your body crumbles into a pile of gold.

########### #......'..#
#.....)#..####
#'######'##..#
#∩∩∩∩∩∩#..'.## #
#∩∩∩∩∩∩#).### .~§ ~#
#########..+ 8§~.~~
#C$8#### ~§~§~
....eD2D))~## ..~
############~~#+++#+++##
###########~~~.........#
##........#~~~~.##'##..#
##...⌠....#~~~~##.#.##.###
##..∩.∩...#~~~~#..#..# ...
##...∩.∩..#~~#####.#####..
##∩.∩.∩.∩.#~##.###'###.##.


You could see a bone dragon, a golden dragon, a frost giant (empowered), a
cacodemon and a deep elf high priest (brilliance aura).

Vanquished Creatures
  Kirke (D)
  A storm dragon (D)
  A great orb of eyes (D)
  A yaktaur captain (D)
  A centaur warrior (D)
  An iron elemental (D)
  A skeletal warrior (D)
  2 deep trolls (D)
  An orange crystal statue (D)
  An elephant (D)
  2 slime creatures (D)
  A yaktaur (D)
  A kobold demonologist (D)
  3 polar bears (D)
  A hornet (D)
  A blink frog (D)
  2 wyverns (D)
  4 neqoxecs (D)
  4 water moccasins (D)
  3 black bears (D)
  5 necrophages (D)
  4 scorpions (D)
  An iron imp (D)
  3 worms (D)
46 creatures vanquished.

Vanquished Creatures (others)
  Menkaure (D)
  A water moccasin (D)
  4 tentacles (D)
6 creatures vanquished.

Grand Total: 52 creatures vanquished

Notes
Turn   | Place    | Note
-------+----------+-------------------------------------------
     0 | D        | jt the Merfolk Shapeshifter began the quest for the Orb.
     0 | D        | Reached XP level 1. HP: 15/15 MP: 1/1
     8 | D        | Reached skill level 1 in Stealth
    12 | D        | Reached XP level 2. HP: 12/22 MP: 2/2
    61 | D        | Killed a water moccasin
    93 | D        | Noticed a neqoxec
    93 | D        | Noticed a neqoxec
    93 | D        | Noticed a neqoxec
    93 | D        | Noticed a neqoxec
   101 | D        | Killed a neqoxec
   102 | D        | Reached skill level 5 in Stealth
   102 | D        | Reached skill level 6 in Shapeshifting
   102 | D        | Reached XP level 3. HP: 32/32 MP: 3/3
   102 | D        | Reached XP level 4. HP: 38/38 MP: 4/4
   102 | D        | Reached XP level 5. HP: 43/43 MP: 5/5
   104 | D        | Killed a neqoxec
   105 | D        | Reached XP level 6. HP: 40/53 MP: 6/6
   108 | D        | Killed a neqoxec
   109 | D        | Gained mutation: Your spells are a little easier to cast,
                  | but a little less powerful. [a neqoxec]
   114 | D        | Killed a neqoxec
   115 | D        | Reached XP level 7. HP: 35/62 MP: 7/7
   195 | D        | Noticed an orange crystal statue
   198 | D        | Found Omanog's Antique Weapon Shop.
   199 | D        | Found Paomizon's General Store.
   199 | D        | Found Ninnar's Distillery.
   200 | D        | Found Temp's Magic Scroll Shop.
   200 | D        | Found Toloumn's Jewellery Shop.
   201 | D        | Found Kioz Qiq's Antique Armour Boutique.
   201 | D        | Found Gots's Book Boutique.
   202 | D        | Noticed a blink frog
   206 | D        | Killed a blink frog
   207 | D        | Reached skill level 10 in Dodging
   271 | D        | Found Xeugopt's Distillery.
   272 | D        | Found Joni's Book Shop.
   273 | D        | Found Onnish's Jewellery Shop.
   273 | D        | Found Setebose's Jewellery Boutique.
   276 | D        | Found Ydiph's Jewellery Shop.
   276 | D        | Noticed a hell hog
   276 | D        | Noticed a hell hog
   276 | D        | Noticed an oklob plant
   279 | D        | Noticed a cane toad
   285 | D        | Noticed a cane toad
   287 | D        | Found Ruisit's Antique Armour Shop.
   287 | D        | Found Irhil's Antique Armour Boutique.
   287 | D        | Found Dyj Xy Arghik's Book Shoppe.
   299 | D        | Noticed a yak
   302 | D        | Noticed a yak
   303 | D        | Noticed a yak
   304 | D        | Noticed a flying skull
   304 | D        | Noticed a flying skull
   318 | D        | Bought a scroll of fear for 44 gold pieces
   318 | D        | Bought a scroll of poison for 44 gold pieces
   318 | D        | Bought a scroll of identify for 22 gold pieces
   387 | D        | Reached XP level 8. HP: 71/71 MP: 8/8
   395 | D        | Reached skill level 10 in Stealth
   395 | D        | Reached skill level 10 in Unarmed Combat
   417 | D        | Reached skill level 7 in Shapeshifting
   477 | D        | Noticed Roxanne
   492 | D        | Found a glowing golden altar of the Shining One.
   492 | D        | Found an ornate altar of the Wu Jian Council.
   492 | D        | Found a stormy altar of Qazlal.
   493 | D        | Found a shimmering altar of Xom.
   493 | D        | Found a sacrificial altar of Ru.
   493 | D        | Found a hazy altar of Hepliaklqana.
   494 | D        | Found a basalt altar of Yredelemnul.
   494 | D        | Found a shimmering blue altar of Sif Muna.
   494 | D        | Found a viscous altar of Jiyva.
   495 | D        | Found a glowing silver altar of Zin.
   495 | D        | Found a bloodstained altar of Trog.
   495 | D        | Found an ancient bone altar of Kikubaaqudgha.
   496 | D        | Found a hide-covered altar of Uskayaw.
   496 | D        | Found a corrupted altar of Lugonu.
   496 | D        | Found a shadowy altar of Dithmenos.
   497 | D        | Found a radiant altar of Vehumet.
   497 | D        | Found a burning altar of Makhleb.
   497 | D        | Found a white marble altar of Elyvilon.
   498 | D        | Found a sparkling altar of Nemelex Xobeh.
   498 | D        | Found a blossoming altar of Fedhas.
   500 | D        | Found an iron altar of Okawaru.
   500 | D        | Found an opulent altar of Gozag.
   500 | D        | Found a snail-covered altar of Cheibriados.
   500 | D        | Noticed a hornet
   500 | D        | Noticed a polar bear
   501 | D        | Noticed a yaktaur
   503 | D        | Noticed Menkaure
   510 | D        | Became a worshipper of Gozag Ym Sagoz the Greedy
   531 | D        | Noticed a polar bear
   533 | D        | Noticed a polar bear
   565 | D        | Killed a polar bear
   566 | D        | Reached skill level 9 in Shapeshifting
   573 | D        | Killed a hornet
   574 | D        | Reached skill level 10 in Shapeshifting
   574 | D        | Reached XP level 9. HP: 63/78 MP: 9/9
   583 | D        | Killed a polar bear
   584 | D        | Reached skill level 11 in Shapeshifting
   589 | D        | Killed a polar bear
   590 | D        | Reached skill level 13 in Shapeshifting
   649 | D        | Bought a granite talisman for 1040 gold pieces
   695 | D        | Killed Menkaure
   739 | D        | Killed a yaktaur
   740 | D        | Reached skill level 14 in Shapeshifting
   757 | D        | Noticed a kraken
   930 | D        | Reached skill level 1 in Armour
   961 | D        | Noticed a deep troll
   963 | D        | Noticed a deep troll
   965 | D        | Killed a deep troll
   966 | D        | Reached skill level 16 in Shapeshifting
   974 | D        | Killed a deep troll
   975 | D        | Reached skill level 17 in Shapeshifting
   975 | D        | Reached XP level 10. HP: 77/85 MP: 10/10
  1011 | D        | Noticed an ice statue
  1079 | D        | Gained mutation: You occasionally lose the ability to drink
                  | potions when taking damage. [mutagenic glow]
  1080 | D        | Killed an orange crystal statue
  1081 | D        | Reached skill level 18 in Shapeshifting
  1086 | D        | Found Baghuig's Book Boutique.
  1089 | D        | Gained mutation: You occasionally shout uncontrollably at
                  | your foes. [mutagenic glow]
  1100 | D        | Gained mutation: You are agile. (Dex +4, Str/Int -1)
                  | [mutagenic glow]
  1113 | D        | Gained mutation: Your body sometimes deteriorates upon
                  | taking damage. [mutagenic glow]
  1120 | D        | Gained mutation: Armour fits poorly on your strangely
                  | shaped body. [mutagenic glow]
  1129 | D        | Gained mutation: You are partially covered in iridescent
                  | scales. (AC +2) [mutagenic glow]
  1191 | D        | Noticed an elephant
  1191 | D        | Noticed a centaur warrior
  1191 | D        | Noticed Kirke
  1191 | D        | Noticed a kobold demonologist
  1191 | D        | Noticed a yaktaur captain
  1191 | D        | Noticed a skeletal warrior
  1200 | D        | Killed a skeletal warrior
  1201 | D        | Reached skill level 19 in Shapeshifting
  1202 | D        | Killed a yaktaur captain
  1203 | D        | Reached skill level 20 in Shapeshifting
  1207 | D        | Noticed a lindwurm
  1209 | D        | Killed Kirke
  1209 | D        | Killed an elephant
  1209 | D        | Killed a centaur warrior
  1210 | D        | Reached skill level 22 in Shapeshifting
  1210 | D        | Reached XP level 11. HP: 64/90 MP: 11/11
  1226 | D        | Reached skill level 23 in Shapeshifting
  1325 | D        | Noticed an iron elemental
  1325 | D        | Noticed a great orb of eyes
  1353 | D        | Killed a great orb of eyes
  1360 | D        | Reached skill level 24 in Shapeshifting
  1374 | D        | Killed an iron elemental
  1394 | D        | Found Obrephef's Distillery.
  1394 | D        | Found Gycuis's Book Shop.
  1394 | D        | Found Befeofent's Antique Armour Shop.
  1394 | D        | Found Woeffuf's Distillery.
  1394 | D        | Found Fuhach's Distillery.
  1395 | D        | Found Toqamm's Assorted Antiques.
  1395 | D        | Found Ysowoun's Antique Weapon Boutique.
  1395 | D        | Found Ureareor's Magic Scroll Emporium.
  1395 | D        | Found Sepaotom's Antique Weapon Shop.
  1395 | D        | Found Fyuheobu's Armour Emporium.
  1395 | D        | Found Soapseuz's Weapon Shop.
  1395 | D        | Found Maischuf's Jewellery Shoppe.
  1399 | D        | Bought a potion of mutation for 112 gold pieces
  1403 | D        | Bought a scroll labelled RIMYPH YDYM for 32 gold pieces
  1403 | D        | Bought a scroll labelled KUAMARPHUCRE for 32 gold pieces
  1412 | D        | Bought a scroll of acquirement for 572 gold pieces
  1412 | D        | Acquired 718 gold pieces
  1428 | D        | Noticed a cacodemon
  1428 | D        | Noticed a golden dragon
  1428 | D        | Noticed a storm dragon
  1428 | D        | Noticed a bone dragon
  1429 | D        | Noticed a deep elf high priest
  1431 | D        | Noticed a frost giant
  1435 | D        | Killed a storm dragon
  1436 | D        | Reached skill level 25 in Shapeshifting
  1437 | D        | Lost mutation: Your body sometimes deteriorates upon taking
                  | damage. [a cacodemon]
  1442 | D        | Lost mutation: You are agile. (Dex +4, Str/Int -1) [a
                  | cacodemon]
  1443 | D        | Killed from afar by a frost giant

Illustrated notes

Levels and vault maps discovered:
D:        the_violet_keep_of_menkaure [sprint2_stairs_cluster_1,
          sprint2_shoproom, sprint2_temple, sprint2_basic_supplies,
          sprint2_obstacle_4, sprint2_obstacle_2, sprint2_obstacle_6,
          sprint2_obstacle_1, sprint2_obstacle_3, sprint2_timed_cluster_1,
          sprint2_smallroom_cluster_1, sprint2_smallroom_final_cluster_1,
          sprint2_transparent_cluster_1, sprint2_second_timed_cluster_1,
          sprint2_sniper_area_1, sprint2_heavy_combat_area_1,
          sprint2_mutation_trap_area_1, sprint2_forest_area_1,
          sprint2_light_combat_area_1, sprint2_behind_water_1,
          sprint2_near_end_vault_1]

Skill      XL: |  1  2  3  4  5  6  7  8  9 10 11 |
---------------+----------------------------------+-----
Dodging        | 3 6 8 9 11 | 11.8
Stealth        | 1 5 6 8 9 10 | 10.5
Fighting       | 2 4 6 8 9 |  9.8
Unarmed Combat | 6 7 8 9 10 | 10.4
Shapeshifting  | 6 10 17 22 25 | 25.5
Armour         | 3 |  3.0

Action                     |  1- 3 |  4- 6 |  7- 9 | 10-12 || total
---------------------------+-------+-------+-------+-------++-------
  Melee: Unarmed           |    21 |    11 |    96 |    74 ||   202
         Tailslap          |       |       |     3 |     2 ||     5
         Punch             |       |       |     3 |     6 ||     9
Ability: Begin Untransform |       |       |     1 |       ||     1
    Use: Potion            |     1 |     1 |     4 |     7 ||    13
         Scroll            |       |       |       |     7 ||     7
   Stab: Sleeping          |       |       |     6 |     2 ||     8
         Distracted        |       |       |       |     4 ||     4
 Armour: Animal skin       |     1 |       |     3 |       ||     4
         Skin              |       |       |    44 |    55 ||    99
  Dodge: Dodged            |     3 |     2 |    66 |    83 ||   154
   Form: Statue            |       |       |     2 |       ||     2

Table legend: (Time is in decaauts)
 A = Elapsed time spent in this place.
 B = Non-inter-level travel time spent in this place.
 C = Inter-level travel time spent in this place.
 D = Time resting spent in this place.
 E = Time spent auto-exploring this place.
 F = Levels seen in this place.
 G = Mean time per level.
                   A        B        C        D        E       F      G
               +--------+--------+--------+--------+--------+-----+--------+
         Total |   1705 |   1669 |     36 |    611 |      0 |   1 | 1705.0 |
       Dungeon |   1705 |   1669 |     36 |    611 |      0 |   1 | 1705.0 |
               +--------+--------+--------+--------+--------+-----+--------+

Top non-repeatable levels by time:
       D: 1705 daAuts
